 Dungeon Crawl Stone Soup version 0.31-a0-851-g7ff8af7976 (webtiles) character file.

Game seed: 6032238315928514848

189 Gladio the Ruffian (level 5, -8/49 HPs)
             Began as a Troll Shapeshifter on Oct 5, 2023.
             Mangled by Edmund
             ... wielding a +2 dire flail of protection
              (12 damage)
             ... on level 4 of the Dungeon.
             The game lasted 00:07:19 (2145 turns).

Gladio the Ruffian (Troll Shapeshifter)             Turns: 2145, Time: 00:07:20

Health: -8/49      AC:  4    Str: 22    XL:     5   Next: 40%
Magic:  4/4        EV: 10    Int:  6    God:
Gold:   102        SH:  0    Dex: 11    Spells: 4/4 levels left

rFire   . .          .
                       - Unarmed
rCold   . . .        (no shield)
rNeg    . . .        a - +0 animal skin
rPois   .            (helmet currently unavailable)
rElec   .            s - melded +0 cloak
rCorr   .            (gloves unavailable)
SInv    .            (boots unavailable)
Will    .....        (no amulet)
Stlth   +            (no ring)
HPRegen 1.08/turn    (no ring)
MPRegen 0.09/turn

%: no passive effects
@: beast-form
A: beast (slay +2), large, unfitting armour, claws 3, regeneration 1, shaggy fur
1, tough skin 1
a: Begin Untransformation


You were on level 4 of the Dungeon.
You were a hulking beast.
You visited 1 branch of the dungeon, and saw 4 of its levels.

You collected 102 gold pieces.

Inventory:

Missiles
 e - 6 javelins
 i - 6 silver javelins
 v - a boomerang
Armour
 a - a +0 animal skin (worn)
 s - a +0 cloak (melded)
Jewellery
 m - a ring of fire
Talismans
 c - a beast talisman (active)
 d - a flux talisman
Wands
 w - a wand of paralysis (13)
Scrolls
 f - 4 scrolls of identify {unknown}
 h - a scroll of noise {unknown}
 k - 2 scrolls of blinking {unknown}
 l - a scroll of enchant armour {unknown}
 n - 2 scrolls of fog {unknown}
 q - a scroll of teleportation {unknown}
 r - a scroll of brand weapon {unknown}
 t - a scroll of poison {unknown}
 x - a scroll of amnesia {unknown}
Potions
 b - 2 potions of lignification
 g - 4 potions of attraction {unknown}
 j - 4 potions of ambrosia {unknown}
 o - a potion of berserk rage {unknown}
 p - a potion of might {unknown}
 u - a potion of curing {unknown}


   Skills:
 * Level 2.2 Fighting
 + Level 2.3 Dodging
 * Level 4.0 Unarmed Combat
 * Level 4.0 Shapeshifting


You had 4 spell levels left.
You didn't know any spells.
Your spell library contained the following spells:

 Spells                   Type           Power      Damage    Failure   Level
 Foxfire                  Conj/Fire      0%         2x1d4     45%         1
 Blink                    Tloc           0%         N/A       58%         2
 Manifold Assault         Tloc           0%         N/A       99%         4
 Plasma Beam              Fire/Air       0%         2x1d10    100%        6
 Starburst                Conj/Fire      0%         6d3       100%        6


Dungeon Overview and Level Annotations

Branches:
Dungeon (4/15)
 Temple: D:4-7

Altars:

Shops:
D:2 [

Annotations:
D:4 Edmund


Innate Abilities, Weirdness & Mutations

You are a hulking beast.
Your limbs bulge with bestial killing power. (Slay +2)
You are too large for most types of armour.
You have claws for hands.
Your natural rate of healing is unusually fast.
You are covered in fur. (AC +1)
You have tough skin. (AC +1)


Message History

The goblin moves out of view.
Edmund the Younger comes into view.
He is wielding a +2 dire flail of protection.
Found 10 gold pieces.
Edmund shouts!
Found a stone staircase leading up.
The goblin closely misses you.
You claw the goblin!
You kill the goblin!
You claw Edmund!
Edmund is moderately wounded.
Edmund hits you with a +2 dire flail of protection.
You barely miss Edmund.
Edmund is moderately wounded.
Edmund hits you with a +2 dire flail of protection.
You scratch Edmund but do no damage. You claw Edmund, but do no damage.
Edmund is moderately wounded.
Edmund hits you with a +2 dire flail of protection!
You barely miss Edmund.
Edmund is moderately wounded.
Edmund hits you with a +2 dire flail of protection!
You are too injured to fight recklessly!
You are too injured to fight recklessly!
You are too injured to fight recklessly!
You are too injured to fight recklessly!
You scratch Edmund.
Edmund is moderately wounded.
Edmund hits you with a +2 dire flail of protection!
* * * LOW HITPOINT WARNING * * *
You barely miss Edmund.
Edmund is moderately wounded.
Edmund hits you with a +2 dire flail of protection!
* * * LOW HITPOINT WARNING * * *
You scratch Edmund.
Edmund is heavily wounded.
Edmund misses you.
You claw Edmund!
Edmund is severely wounded.
Edmund hits you with a +2 dire flail of protection!
You die...
Edmund says, "That'll show my brother!"

#.# #...# #.# #...#
#.# ########...#####
#.###...............
#...................
#..##...............
#..#########...#####
#..# #.!.# ##.#
#h..# #.# #.@....#
.#####.# #....#.#
...>...# #...$#.#
.#####.# #$...# #
.......########.##.#
.######.....>.#. <#
#.###.>... .. #.# #


You could see Edmund.

Vanquished Creatures
  Crazy Yiuf (D:2)
  2 orc wizards (D:2)
  2 adders (D:3)
  2 worms
  2 dart slugs
  7 orcs
  8 endoplasms
  2 giant cockroaches
  9 goblins
  5 hobgoblins
  A quokka (D:1)
  9 ball pythons
  7 bats
  3 frilled lizards
  6 kobolds (D:1)
  9 rats
75 creatures vanquished.

Notes
Turn   | Place    | Note
-------+----------+-------------------------------------------
     0 | D:1      | Gladio the Troll Shapeshifter began the quest for the Orb.
     0 | D:1      | Reached XP level 1. HP: 18/18 MP: 0/0
   274 | D:1      | Reached skill level 1 in Fighting
   292 | D:1      | Reached XP level 2. HP: 26/27 MP: 1/1
   490 | D:1      | Reached XP level 3. HP: 31/33 MP: 2/2
   492 | D:1      | Found a faded altar of an unknown god.
   794 | D:2      | Found Deimecha's Armour Boutique.
   833 | D:2      | Reached XP level 4. HP: 26/42 MP: 3/3
  1097 | D:2      | Found a runed translucent door.
  1098 | D:2      | Noticed Crazy Yiuf
  1361 | D:2      | Killed Crazy Yiuf
  1362 | D:2      | Reached XP level 5. HP: 23/49 MP: 4/4
  2134 | D:4      | Noticed Edmund
  2143 | D:4      | HP: 2/49 [Edmund/+2 dire flail of protection (10)]
  2145 | D:4      | Mangled by Edmund

Illustrated notes

Levels and vault maps discovered:
D:1:      minmay_arrival_loop, layout_basic,
          ebering_ecumenical_altar_sacrificial
D:2:      layout_basic, serial_shops, shop, uniq_crazy_yiuf_cottage
D:3:      layout_basic
D:4:      layout_loops_cross, makhleb_altar_promises_db,
          nzn_wu_jian_contemplation, portal_sewer_entry_b, uniq_edmund

Skill      XL: |  1  2  3  4  5 |
---------------+----------------+-----
Fighting       | 1 2 |  2.2
Dodging        | 2 |  2.3
Unarmed Combat | 4 |  4.0
Shapeshifting  | 4 |  4.0

Action                     |  1- 3 |  4- 6 || total
---------------------------+-------+-------++-------
  Melee: Unarmed           |   100 |    66 ||   166
         Punch             |       |     5 ||     5
Ability: Begin Untransform |       |     1 ||     1
   Stab: Sleeping          |     1 |       ||     1
 Armour: Animal skin       |    54 |    41 ||    95
  Dodge: Dodged            |    46 |    24 ||    70
   Form: Beast             |       |     1 ||     1

Table legend: (Time is in decaauts)
 A = Elapsed time spent in this place.
 B = Non-inter-level travel time spent in this place.
 C = Inter-level travel time spent in this place.
 D = Time resting spent in this place.
 E = Time spent auto-exploring this place.
 F = Levels seen in this place.
 G = Mean time per level.
                   A        B        C        D        E       F      G
               +--------+--------+--------+--------+--------+-----+--------+
         Total |   2134 |   1951 |    183 |      0 |   1576 |   4 |  533.5 |
       Dungeon |   2134 |   1951 |    183 |      0 |   1576 |   4 |  533.5 |
               +--------+--------+--------+--------+--------+-----+--------+

Top non-repeatable levels by time:
     D:2: 824 daAuts
     D:1: 622 daAuts
     D:3: 606 daAuts
     D:4: 80 daAuts
